 Dungeon Crawl Stone Soup version 0.26-a0-812-g31a745ddcd (webtiles) character file.

Game seed: 16842365136562474114

1606 Dracia the Destroyer (level 8, -2/57 HPs)
             Began as a Purple Draconian Conjurer on Dec 8, 2020.
             Was a Follower of Vehumet.
             Killed from afar by an orc wizard (9 damage)
             ... with a puff of frost
             ... on level 7 of the Dungeon.
             The game lasted 00:20:29 (8562 turns).

Dracia the Destroyer (Purple Draconian Conjurer)    Turns: 8562, Time: 00:20:29

Health: -2/57      AC: 10    Str:  8 (9)  XL:     8   Next: 63%
Magic:  15/18      EV: 12    Int: 20 (21) God:    Vehumet [*.....]
Gold:   243        SH:  0    Dex: 16      Spells: 10/20 levels left

rFire    . . .     SeeInvis .   k - +5 trident
rCold    . . .     Faith    .   (no shield)
rNeg     . . .     Spirit   .   (armour unavailable)
rPois    .         Reflect  .   (helmet restricted)
rElec    .         Harm     .   h - +2 cloak
rCorr    .         Rampage  .   (no gloves)
MR       +....     Clarity  +   t - +0 pair of boots
Stlth    +++.......             (no amulet)
HPRegen  0.19/turn              Y - +4 ring of slaying
MPRegen  0.16/turn              D - +6 ring of dexterity

@: lightly drained
A: breathe power, unfitting armour, talons 1, clarity, cold-blooded, AC +6
a: Breathe Dispelling Energy, Renounce Religion


You were on level 7 of the Dungeon.
You worshipped Vehumet.
Vehumet was aware of your devotion.
You visited 2 branches of the dungeon, and saw 8 of its levels.

You collected 244 gold pieces.
You spent 1 gold pieces at shops.


Innate Abilities, Weirdness & Mutations

You can breathe bolts of dispelling energy.
Your rich purple scales are hard. (AC +6)
You cannot fit into any form of body armour.
You are cold-blooded and may be slowed by cold attacks.
You have sharp toenails.
You possess an exceptional clarity of mind.


   Skills:
 - Level 1.7(1.6) Dodging
 - Level 5.7(5.5) Stealth
 + Level 6.8(6.7) Spellcasting
 * Level 8.5(8.4) Conjurations


You had 10 spell levels left.
You knew the following spells:

 Your Spells              Type           Power        Failure   Level
d - Dazzling Flash        Conj/Hex       ###...       5%          3
f - Fulminant Prism       Conj/Hex       ###.......   17%         4
s - Searing Ray           Conj           #####.       1%          2
z - Magic Dart            Conj           ####         1%          1

Your spell library contained the following spells:

 Spells                   Type           Power        Failure   Level
 Foxfire                  Conj/Fire      ###.         1%          1
 Iskenderun's Mystic Bla  Conj/Tloc      ###.....     17%         4

Inventory:

Hand Weapons
 a - a cursed -3 whip
 k - a +5 trident (weapon)
 m - a +0 club
 q - a +0 spear
 w - a -3 demon whip
Missiles
 f - 16 poisoned darts (quivered)
 u - 2 throwing nets {=f=f}
Armour
 h - a +2 cloak (worn)
 p - a +0 ring mail
 t - a +0 pair of boots (worn)
Jewellery
 v - an uncursed ring of see invisible
 D - a +6 ring of dexterity (right hand)
 Y - a +4 ring of slaying (left hand)
Scrolls
 b - 3 scrolls of remove curse {@r2@r2}
 c - a scroll of teleportation {@r4@r4}
 i - 10 scrolls of identify {@r1@r1}
 j - a scroll of random uselessness
 o - a scroll of fog
 x - a scroll of noise {unknown}
Potions
 e - 2 potions of brilliance
 r - 2 potions of curing {@q1@q1}
 s - a potion of mutation

Dungeon Overview and Level Annotations

Branches:
Dungeon (7/15)             Temple (1/1) D:4

Altars:
Ashenzari
Cheibriados
Dithmenos
Elyvilon
Fedhas
Gozag
Hepliaklqana
Kikubaaqudgha
Makhleb
Nemelex Xobeh
Okawaru
Qazlal
Ru
Sif Muna
Trog
Uskayaw
Vehumet
Wu Jian
Yredelemnul
Zin
The Shining One

Shops:
D:5 *

Portals:
Abyss: D:3

Annotations:
D:3 2 transporters, ploum's ghost, amateur DEEE

#88..#
#....#
#8...#
##..M##
#.#.(#
##.#.#
###†#
#)# #@#
#{# #)#
#)# .).
###


You could see a mummy.


Message History

* * * LOW HITPOINT WARNING * * *
A mummy comes into view.
Something hits you but does no damage.
You closely miss something. Something hits you.
* * * LOW HITPOINT WARNING * * *
Something hits you but does no damage.
Casting: Searing Ray (safe; 1% risk of failure)
Confirm with . or Enter, or press ? or * to list all spells.
Aiming: Searing Ray (safe; 1% risk of failure)
Press: ? - help, Shift-Dir - straight line, f - orc
Aim: an orc, wielding a +0 flail The searing ray hits something!
The searing ray misses the orc.
The searing ray hits the orc.
You kill the orc!
Vehumet accepts your kill.
The searing ray hits the orc!
You kill the orc!
Vehumet accepts your kill. (Press . to maintain the ray.)
Something hits you but does no damage.
The searing ray hits the orc!
You kill the orc!
Vehumet accepts your kill.
The searing ray hits the orc!
You kill the orc!
Vehumet accepts your kill.
You hear some strange, mumbled words.
A puff of frost appears from out of thin air!
The puff of frost hits you!
You die...

Skill      XL: |  1  2  3  4  5  6  7  8 |
---------------+-------------------------+-----
Stealth        | 2 3 4 5 |  5.7
Spellcasting   | 3 4 5 6 |  6.8
Conjurations   | 5 7 8 |  8.5
Dodging        | |  1.7

Action                   |  1- 3 |  4- 6 |  7- 9 || total
-------------------------+-------+-------+-------++-------
Melee: Unarmed           |    53 |       |       ||    53
       Tailslap          |     5 |     5 |     7 ||    17
       Club              |     5 |    15 |       ||    20
       Spear             |       |     6 |       ||     6
       Demon whip        |       |    12 |     8 ||    20
       Trident           |       |       |    85 ||    85
 Cast: Magic Dart        |    51 |    97 |    18 ||   166
       Searing Ray       |     5 |     8 |     9 ||    22
  Use: Scroll            |       |     7 |     1 ||     8
       Potion            |       |       |     7 ||     7
 Stab: Sleeping          |       |     1 |     7 ||     8
Armor: Skin              |    47 |    18 |    70 ||   135
Dodge: Dodged            |    96 |    40 |    80 ||   216

Levels and vault maps discovered:
D:1:      evilmike_arrival_hilbert_curve, layout_basic
D:2:      layout_basic, nicolae_overflow_hidden_temple, patterned_corridor
D:3:      layout_loops_corners, gammafunk_ghost_abyssal_escape
D:4:      layout_cave_pools, lemuel_blue_sif_altar, kennysheep_mini,
          minmay_temple_entry_glassed_door, nemelex_dance_club_becter
D:5:      layout_loops_corners, minmay_shop_damaged, kennysheep_generic_room_15
D:6:      layout_gridville, minmay_hedge_maze
D:7:      layout_loops_ring, serial_undead, serial_undead_f, serial_undead_c,
          serial_undead_c, serial_undead_a, serial_undead_f, serial_undead_c,
          serial_undead_c, yredelemnul_altar_generic, uniq_duvessa, uniq_harold
Temple:   eino_temple_rhombus

Notes
Turn   | Place    | Note
-------+----------+-------------------------------------------
     0 | D:1      | Dracia the Draconian Conjurer began the quest for the Orb.
     0 | D:1      | Reached XP level 1. HP: 14/14 MP: 3/3
   106 | D:1      | Reached skill level 2 in Stealth
   347 | D:1      | Reached XP level 2. HP: 20/20 MP: 0/5
   908 | D:1      | Learned a level 2 spell: Searing Ray
  1381 | D:1      | Reached XP level 3. HP: 26/26 MP: 3/6
  1610 | D:2      | Learned a level 3 spell: Dazzling Flash
  1655 | D:2      | Found a hazy altar of Hepliaklqana.
  1657 | D:2      | Found a hide-covered altar of Uskayaw.
  2542 | D:2      | Reached skill level 3 in Stealth
  2624 | D:2      | Reached XP level 4. HP: 33/33 MP: 4/7
  3322 | D:3      | Noticed a small abomination
  3333 | D:3      | Found a transporter.
  3333 | D:3      | Noticed a small abomination
  3338 | D:3      | Found a transporter.
  3533 | D:3      | Noticed ploum's ghost (amateur DEEE)
  3763 | D:3      | Found a one-way gate to the infinite horrors of the Abyss.
  3804 | D:3      | Reached XP level 5. HP: 38/38 MP: 6/9
  4255 | D:4      | Found a staircase to the Ecumenical Temple.
  4264 | D:4      | Reached skill level 4 in Stealth
  4264 | D:4      | Reached skill level 3 in Spellcasting
  4276 | Temple   | Entered the Ecumenical Temple
  4351 | Temple   | Became a worshipper of Vehumet
  4578 | D:4      | Noticed an ogre
  4585 | D:4      | Killed an ogre
  4585 | D:4      | Reached skill level 5 in Conjurations
  4585 | D:4      | Reached XP level 6. HP: 23/45 MP: 2/10
  4752 | D:4      | Learned a level 4 spell: Fulminant Prism
  4892 | D:4      | Found a shimmering blue altar of Sif Muna.
  5024 | D:4      | Found a sparkling altar of Nemelex Xobeh.
  5072 | D:4      | Found a white marble altar of Elyvilon.
  5295 | D:5      | Entered Level 5 of the Dungeon
  5439 | D:5      | Found Natoll's Lightly-Used Armoury.
  5446 | D:5      | Bought a -3 demon whip for 1 gold piece
  5572 | D:5      | Reached skill level 5 in Stealth
  6134 | D:5      | Noticed a sky beast
  6153 | D:5      | Killed a sky beast
  6153 | D:5      | Your scales start taking on a rich purple colour.
  6153 | D:5      | Reached skill level 4 in Spellcasting
  6153 | D:5      | Reached XP level 7. HP: 29/50 MP: 1/14
  6923 | D:5      | Reached skill level 5 in Spellcasting
  6923 | D:5      | Reached skill level 6 in Conjurations
  7946 | D:7      | Reached skill level 7 in Conjurations
  7946 | D:7      | Reached XP level 8. HP: 54/57 MP: 16/16
  7984 | D:7      | Reached skill level 6 in Spellcasting
  8520 | D:7      | Reached * piety under Vehumet
  8520 | D:7      | Offered knowledge of Foxfire by Vehumet.
  8538 | D:7      | Reached skill level 8 in Conjurations
  8545 | D:7      | Gained mutation: You possess an exceptional clarity of
                  | mind. [potion of mutation]
  8545 | D:7      | Gained mutation: You have sharp toenails. [potion of
                  | mutation]
  8562 | D:7      | Killed from afar by an orc wizard

Vanquished Creatures
  A sky beast (D:5)
  2 orc warriors (D:7)
  2 necrophages (D:7)
  An ogre (D:4)
  A centaur (D:5)
  A wyvern skeleton (D:6)
  A scorpion (D:6)
  6 wights
  2 orc priests
  A centaur skeleton (D:7)
  3 hounds (D:5)
  A jelly (D:5)
  3 orc wizards (D:7)
  2 iguanas
  4 worker ants
  4 gnolls (D:4)
  6 adders
  4 oozes
  3 adder zombies
  4 worms
  An adder skeleton (D:7)
  3 dart slugs
  4 leopard geckos
  11 orcs
  7 bats
  2 giant cockroaches
  7 hobgoblins
  9 jackals
  5 kobolds
  2 quokkas
  4 frilled lizards
  5 goblins
  9 rats
121 creatures vanquished.

Vanquished Creatures (others)
  A withered plant (D:7)
1 creature vanquished.

Grand Total: 122 creatures vanquished

Table legend: (Time is in decaauts)
 A = Elapsed time spent in this place.
 B = Non-inter-level travel time spent in this place.
 C = Inter-level travel time spent in this place.
 D = Time resting spent in this place.
 E = Time spent auto-exploring this place.
 F = Levels seen in this place.
 G = Mean time per level.
                   A        B        C        D        E       F      G
               +--------+--------+--------+--------+--------+-----+--------+
         Total |   8593 |   8229 |    364 |   1632 |   5712 |   8 | 1074.1 |
       Dungeon |   8502 |   8213 |    289 |   1632 |   5697 |   7 | 1214.6 |
        Temple |     91 |     16 |     75 |      0 |     15 |   1 |   91.0 |
               +--------+--------+--------+--------+--------+-----+--------+

Top non-repeatable levels by time:
     D:5: 1719 daAuts
     D:1: 1551 daAuts
     D:2: 1548 daAuts
     D:3: 1149 daAuts
     D:4: 959 daAuts
     D:6: 929 daAuts
     D:7: 644 daAuts
  Temple: 91 daAuts

Table legend:
 A = Non-vault XP
 B = Vault XP
 C = Vault XP percentage of total XP
 D = Non-vault monster count
 E = Vault monster count
 F = Vault count percentage of total count
                 A         B        C        D         E       F
            +---------+---------+-------+---------+---------+-------
      Total |    1906 |     389 |  16.9 |     113 |       8 |   6.6
            +---------+---------+-------+---------+---------+-------
        D:1 |      46 |       0 |   0.0 |      24 |       0 |   0.0
        D:2 |      99 |       0 |   0.0 |      19 |       0 |   0.0
        D:3 |      72 |       0 |   0.0 |      21 |       0 |   0.0
        D:4 |     215 |      10 |   4.4 |       8 |       2 |  20.0
        D:5 |     602 |       0 |   0.0 |      12 |       0 |   0.0
        D:6 |     350 |       0 |   0.0 |      11 |       0 |   0.0
        D:7 |     522 |     379 |  42.1 |      18 |       6 |  25.0
            +---------+---------+-------+---------+---------+-------
